 Dungeon Crawl Stone Soup version 0.28-a0-503-g83f2989fac (webtiles) character file.

Game seed: 2808624145055076888

246 Bapho the Conjurer (level 5, -5/38 HPs)
             Began as a Draconian Conjurer on Sept 21, 2021.
             Killed by nerve-wracking pain
             ... invoked by Grinder
              (12 damage)
             ... while paralysed by Grinder
             ... on level 3 of the Dungeon.
             The game lasted 00:04:59 (3540 turns).

Bapho the Conjurer (Draconian Conjurer)             Turns: 3540, Time: 00:05:00

Health: -5/38      AC:  5    Str: 10    XL:     5   Next: 84%
Magic:  1/11       EV:  2    Int: 19    God:
Gold:   115        SH:  0    Dex:  9    Spells: 9/12 levels left

rFire   . . .      SeeInvis .   b - +0 long sword
rCold   . . .      Faith    .   (no shield)
rNeg    . . .      Spirit   .   (armour unavailable)
rPois   .          Reflect  .   (helmet restricted)
rElec   .          Harm     .   (no cloak)
rCorr   .          Rampage  .   (no gloves)
Will    .....                   (no boots)
Stlth   ++........              (no amulet)
HPRegen 0.12/turn               (no ring)
MPRegen 0.12/turn               (no ring)

@: paralysed
A: AC +5, unfitting armour, cold-blooded
a: no special abilities


You were on level 3 of the Dungeon.
You visited 1 branch of the dungeon, and saw 3 of its levels.

You collected 115 gold pieces.

Inventory:

Hand Weapons
 b - a +0 long sword (weapon)
Jewellery
 i - an amulet of guardian spirit
Scrolls
 a - 3 scrolls of identify {unknown}
 e - 3 scrolls of vulnerability {unknown}
 g - 2 scrolls of fear {unknown}
 h - 3 scrolls of teleportation {unknown}
Potions
 c - a potion of haste {unknown}
 d - a potion of ambrosia {unknown}
 f - 2 potions of magic {unknown}
 j - a potion of heal wounds {unknown}
 k - a potion of lignification {unknown}


   Skills:
 - Level 1.7 Dodging
 - Level 1.7 Stealth
 + Level 4.2 Spellcasting
 + Level 5.8 Conjurations


You had 9 spell levels left.
You knew the following spells:

 Your Spells              Type           Power      Damage    Failure   Level
a - Magic Dart            Conj           100%       1d8       1%          1
b - Searing Ray           Conj           52%        2d6       1%          2

Your spell library contained the following spells:

 Spells                   Type           Power      Damage    Failure   Level
 Dazzling Flash           Conj/Hex       30%        N/A       12%         3
 Slow                     Hex            4%         N/A       21%         2
 Confusing Touch          Hex            4%         N/A       38%         3
 Vampiric Draining        Necr           2%         2d6       38%         3
 Fulminant Prism          Conj/Hex       7%         3d7       38%         4
 Iskenderun's Mystic Bla  Conj/Tloc      15%        2d5       38%         4


Dungeon Overview and Level Annotations

Branches:
Dungeon (3/15)

Altars:

Annotations:
D:3 Grinder, Natasha


Innate Abilities, Weirdness & Mutations

Your plain brown scales are hard. (AC +5)
You cannot fit into any form of body armour.
You are cold-blooded and may be slowed by cold attacks.


Message History

You finish channelling your searing ray.
Grinder misses you.
Casting: Searing Ray (safe; 1% risk of failure)
Confirm with . or Enter, or press ? or * to list all spells.
Aiming: Searing Ray (safe; 1% risk of failure)
Press: ? - help, Shift-Dir - straight line, f/p - Grinder
Aim: Grinder (almost dead, 77% to hit)
The searing ray hits Grinder.
Grinder is almost dead. (Press . to maintain the ray.) Grinder barely misses you.
Without enough magic to sustain it, your searing ray dissipates.
Grinder gestures at you.
You suddenly lose the ability to move!
Grinder blinks!
Grinder gestures at you. Pain shoots through your body!
You can move again.
Casting: Searing Ray (safe; 1% risk of failure)
Confirm with . or Enter, or press ? or * to list all spells.
Aiming: Magic Dart (safe; 1% risk of failure)
Press: ? - help, Shift-Dir - straight line, f/p - Grinder
Aim: Grinder (almost dead, 100% to hit)
The magic dart hits Grinder.
Grinder is almost dead.
Grinder blinks!
Grinder gestures at you.
You suddenly lose the ability to move!
Grinder says, "Don't move a muscle."
Grinder gestures at you. Pain shoots through your body!
Grinder completely misses you. Grinder hits you.
* * * LOW HITPOINT WARNING * * *
Grinder gestures at you. Pain shoots through your body!
* * * LOW HITPOINT WARNING * * *
Grinder gestures at you. Pain shoots through your body!
You die...

## #########.
#############
#.........
#........@5.#
#.#######.
#†#########)#
#.# #. #. #.#
#.# #. #5 #)#
#.# #. #. #.#
#.#######. ##
#.# #.........
#.#####..#......
#......>........
#######..#.#####


You could see Grinder.

Vanquished Creatures
  A black bear (D:3)
  Jessica (D:2)
  5 adders
  A worm (D:2)
  3 dart slugs
  An orc (D:3)
  6 ball pythons
  6 bats
  10 endoplasms
  6 giant cockroaches
  2 hobgoblins (D:1)
  4 jackals (D:3)
  4 kobolds
  5 quokkas
  16 frilled lizards
  2 goblins (D:3)
  8 rats
81 creatures vanquished.

Vanquished Creatures (others)
  4 plants (D:1)
4 creatures vanquished.

Grand Total: 85 creatures vanquished

Notes
Turn   | Place    | Note
-------+----------+-------------------------------------------
     0 | D:1      | Bapho the Draconian Conjurer began the quest for the Orb.
     0 | D:1      | Reached XP level 1. HP: 14/14 MP: 3/3
   244 | D:1      | Reached XP level 2. HP: 20/20 MP: 0/5
   439 | D:1      | Learned a level 2 spell: Searing Ray
   657 | D:1      | Reached XP level 3. HP: 9/26 MP: 4/7
  1203 | D:1      | Found a faded altar of an unknown god.
  1862 | D:2      | Noticed Jessica
  1865 | D:2      | Killed Jessica
  1866 | D:2      | Reached XP level 4. HP: 33/33 MP: 4/8
  2043 | D:2      | Reached skill level 5 in Conjurations
  2823 | D:3      | Noticed a black bear
  2826 | D:3      | Noticed Natasha
  2936 | D:3      | Reached XP level 5. HP: 34/38 MP: 7/10
  3023 | D:3      | Killed a black bear
  3515 | D:3      | Noticed Grinder
  3525 | D:3      | Paralysed by Grinder for 3 turns
  3535 | D:3      | Paralysed by Grinder for 6 turns
  3540 | D:3      | Killed from afar by Grinder

Illustrated notes

Levels and vault maps discovered:
D:1:      onia_arrival_mini_maze_b, layout_rooms,
          hellmonk_ecumenical_altar_zigzags, minmay_lizard_king
D:2:      layout_loops_ring, uniq_jessica
D:3:      layout_basic, uniq_natasha, uniq_grinder

Skill      XL: |  1  2  3  4  5 |
---------------+----------------+-----
Spellcasting   | 3 4 |  4.2
Conjurations   | 5 |  5.8
Dodging        | |  1.7
Stealth        | |  1.7

Action                   |  1- 3 |  4- 6 || total
-------------------------+-------+-------++-------
Melee: Long sword        |    69 |    18 ||    87
       Tailslap          |     4 |       ||     4
 Cast: Magic Dart        |    61 |    79 ||   140
       Searing Ray       |     3 |     4 ||     7
Armor: Skin              |    34 |    11 ||    45
Dodge: Dodged            |    60 |    17 ||    77

Table legend: (Time is in decaauts)
 A = Elapsed time spent in this place.
 B = Non-inter-level travel time spent in this place.
 C = Inter-level travel time spent in this place.
 D = Time resting spent in this place.
 E = Time spent auto-exploring this place.
 F = Levels seen in this place.
 G = Mean time per level.
                   A        B        C        D        E       F      G
               +--------+--------+--------+--------+--------+-----+--------+
         Total |   3574 |   3502 |     72 |     61 |   2982 |   3 | 1191.3 |
       Dungeon |   3574 |   3502 |     72 |     61 |   2982 |   3 | 1191.3 |
               +--------+--------+--------+--------+--------+-----+--------+

Top non-repeatable levels by time:
     D:1: 1360 daAuts
     D:2: 1269 daAuts
     D:3: 944 daAuts
